 Dungeon Crawl Stone Soup version 0.29-a0-575-g0dc89cf053 (webtiles) character file.

Game seed: 2330545771884321868

34 DocClef the Covert (level 3, -4/35 HPs)
             Began as a Gnoll Delver on June 12, 2022.
             Was an Initiate of Okawaru.
             Slain by a gnoll
             ... wielding a +0 flail
             ... led by a gnoll shaman
              (8 damage)
             ... on level 5 of the Dungeon.
             The game lasted 00:00:37 (758 turns).

DocClef the Covert (Gnoll Delver)                    Turns: 758, Time: 00:00:37

Health: -4/35      AC:  3    Str: 11    XL:     3   Next: 31%
Magic:  4/4        EV: 13    Int:  9    God:    Okawaru [......]
Gold:   0          SH:  0    Dex: 15    Spells: 3/3 levels left

rFire   + . .      SeeInvis .   h - +3 spear "Ycraipn" {protect, rPois rF+ rN+ rCorr}
rCold   . . .      Faith    .   (no shield)
rNeg    + . .      Spirit   .   b - +0 leather armour
rPois   +          Reflect  .   (no helmet)
rElec   .          Harm     .   (no cloak)
rCorr   +          Rampage  .   (no gloves)
Will    .....                   (no boots)
Stlth   ++++......              (no amulet)
HPRegen 0.11/turn               (no ring)
MPRegen 0.09/turn               (no ring)

@: no status effects
A: fangs 1, strong nose, distributed training
a: Renounce Religion


You were on level 5 of the Dungeon.
You worshipped Okawaru.
Okawaru was noncommittal.
You visited 2 branches of the dungeon, and saw 2 of its levels.

Inventory:

Hand Weapons
 a - a +0 short sword
 h - the +3 spear "Ycraipn" (weapon) {protect, rPois rF+ rN+ rCorr}
   (You found it on level 5 of the Dungeon)

   It grants its wielder temporary protection when it strikes (+7 to AC).
   rF:        It protects you from fire.
   rPois:     It protects you from poison.
   rN:        It protects you from negative energy.
   rCorr:     It protects you from acid and corrosion.
Armour
 b - a +0 leather armour (worn)
Wands
 g - a wand of digging (3)
Scrolls
 c - a scroll of fog
 d - a scroll of magic mapping
 e - a scroll of fear
 i - a scroll of vulnerability {unknown}
Potions
 f - a potion of haste


   Skills:
 + Level 6.5 Fighting
 + Level 4.5 Short Blades
 + Level 0.7 Long Blades
 + Level 0.7 Axes
 + Level 0.7 Maces & Flails
 + Level 0.7 Polearms
 + Level 0.7 Staves
 + Level 0.7 Slings
 + Level 0.7 Bows
 + Level 0.7 Crossbows
 + Level 0.7 Throwing
 + Level 0.7 Armour
 + Level 4.5 Dodging
 + Level 9.5 Stealth
 + Level 0.7 Shields
 + Level 0.7 Unarmed Combat
 + Level 0.7 Spellcasting
 + Level 0.5 Conjurations
 + Level 0.5 Hexes
 + Level 0.5 Summonings
 + Level 0.5 Necromancy
 + Level 0.5 Translocations
 + Level 0.5 Transmutations
 + Level 0.5 Fire Magic
 + Level 0.5 Ice Magic
 + Level 0.5 Air Magic
 + Level 0.5 Earth Magic
 + Level 0.5 Poison Magic
 + Level 0.9 Invocations
 + Level 0.7 Evocations


You had 3 spell levels left.
You didn't know any spells.
Your spell library was empty.

Dungeon Overview and Level Annotations

Branches:
Dungeon (5/15)             Temple (1/1) D:5

Altars:
Ashenzari
Elyvilon
Fedhas
Gozag
Hepliaklqana
Kikubaaqudgha
Makhleb
Nemelex Xobeh
Okawaru
Qazlal
Ru
Sif Muna
Trog
Uskayaw
Wu Jian
Xom
Yredelemnul
Zin


Innate Abilities, Weirdness & Mutations

You have very sharp teeth.
Your uncanny sense of smell can sniff out nearby items.
Your experience applies equally to all skills.


Message History

The gnoll shouts!
You hear a shout!
A gnoll shaman comes into view. It is wielding a +0 club.
The gnoll shaman shouts!
You hear a shout!
A gnoll comes into view. It is wielding a +0 flail.
The gnoll shouts!
You hear a shout!
You hear an angry hiss.
An adder comes into view.
The gnoll hits you from afar with a +0 spear.
The gnoll shaman calls upon its god to speed up the gnoll.
The gnoll shouts!
The gnoll seems to speed up.
You reach to attack!
You barely miss the gnoll.
A gnoll comes into view. It is wielding a +0 spear.
The gnoll hits you from afar with a +0 spear.
A gnoll comes into view. It is wielding a +0 whip.
You reach to attack!
You closely miss the gnoll. The gnoll misses you.
You hit the gnoll.
Your weapon exudes an aura of protection.
The gnoll is moderately wounded.
The gnoll closely misses you.
The gnoll hits you from afar with a +0 spear.
The gnoll shaman calls upon its god to speed up the gnoll.
The gnoll seems to speed up.
The gnoll closely misses you. The gnoll attacks as you move away!
The gnoll misses you. The gnoll hits you with a +0 flail!
The gnoll shaman calls upon its god to heal the gnoll.
The gnoll's wounds heal themselves!
The gnoll attacks as you move away! The gnoll hits you but does no damage.
The gnoll closely misses you. The gnoll attacks as you move away!
The gnoll hits you with a +0 flail!
* * * LOW HITPOINT WARNING * * *
The gnoll hits you with a +0 flail.
* * * LOW HITPOINT WARNING * * *
The gnoll misses you. The gnoll attacks as you move away!
The gnoll hits you with a +0 flail.
* * * LOW HITPOINT WARNING * * *
The gnoll misses you. The gnoll barely misses you.
There is a stone staircase leading down here.
The gnoll barely misses you. The gnoll closely misses you.
The gnoll barely misses you. The gnoll hits you with a +0 flail!
You die...

.. #.### ... .... ....#
#####..###...#
...#...#....#####
##.#.........../.
...#.###.g.g........g.##
.......@g.gg..?.........
.....##.S##..#........#
... ..................#
# ..###..#.#.#........#
....................
.....#.#.#.###..#...
####.#.#........# #.
#.#.###.####.#
#..........#


You could see a gnoll shaman, 4 gnolls and an adder.

Vanquished Creatures
  An iguana (D:5)
  An adder (D:5)
2 creatures vanquished.

Notes
Turn   | Place    | Note
-------+----------+-------------------------------------------
     0 | D:5      | Reached skill level 9 in Stealth
     0 | D:5      | DocClef the Gnoll Delver began the quest for the Orb.
     0 | D:5      | Reached XP level 1. HP: 23/23 MP: 1/1
     3 | D:5      | Identified the +3 spear "Ycraipn" {protect, rPois rF+ rN+
                  | rCorr}
    71 | D:5      | Noticed an iguana
    86 | D:5      | Killed an iguana
    87 | D:5      | Reached XP level 2. HP: 2/29 MP: 2/2
    87 | D:5      | Reached XP level 3. HP: 3/35 MP: 3/3
   386 | D:5      | Found a staircase to the Ecumenical Temple.
   398 | Temple   | Entered the Ecumenical Temple
   714 | Temple   | Became a worshipper of Warmaster Okawaru
   758 | D:5      | Slain by a gnoll

Illustrated notes

Levels and vault maps discovered:
D:5:      layout_basic, jmf_multi_god_temple2, mainiacjoe_overflow_alcove_4,
          temple_green
Temple:   hc_temple_tempest_star

Skill      XL: | |
---------------+-+-----
Stealth        | |  9.5
Fighting       | |  6.5
Short Blades   | |  4.5
Long Blades    | |  0.7
Axes           | |  0.7
Maces & Flails | |  0.7
Polearms       | |  0.7
Staves         | |  0.7
Slings         | |  0.7
Bows           | |  0.7
Crossbows      | |  0.7
Throwing       | |  0.7
Armour         | |  0.7
Dodging        | |  4.5
Shields        | |  0.7
Unarmed Combat | |  0.7
Spellcasting   | |  0.7
Conjurations   | |  0.5
Hexes          | |  0.5
Summonings     | |  0.5
Necromancy     | |  0.5
Translocations | |  0.5
Transmutations | |  0.5
Fire Magic     | |  0.5
Ice Magic      | |  0.5
Air Magic      | |  0.5
Earth Magic    | |  0.5
Poison Magic   | |  0.5
Invocations    | |  0.9
Evocations     | |  0.7

Action                   || total
-------------------------++-------
Melee: Spear             ||    18
       Bite              ||     1
Armor: Leather armour    ||     4
Dodge: Dodged            ||    19

Table legend: (Time is in decaauts)
 A = Elapsed time spent in this place.
 B = Non-inter-level travel time spent in this place.
 C = Inter-level travel time spent in this place.
 D = Time resting spent in this place.
 E = Time spent auto-exploring this place.
 F = Levels seen in this place.
 G = Mean time per level.
                   A        B        C        D        E       F      G
               +--------+--------+--------+--------+--------+-----+--------+
         Total |    797 |    738 |     59 |    149 |    513 |   2 |  398.5 |
       Dungeon |    427 |    427 |      0 |    149 |    224 |   1 |  427.0 |
        Temple |    369 |    310 |     59 |      0 |    289 |   1 |  369.0 |
               +--------+--------+--------+--------+--------+-----+--------+

Top non-repeatable levels by time:
     D:5: 427 daAuts
  Temple: 369 daAuts
